[Event "*** Titled Tuesday Blitz"]
[Site "Chess.com"]
[Date "2020.05.26"]
[Round "4"]
[White "Mikhal867"]
[Black "Tejas_Rama"]
[Result "1-0"]
[WhiteElo "2174"]
[BlackElo "2379"]
[TimeControl "180+1"]
[EndTime "10:39:47 PDT"]
[Termination "Mikhal867 won by checkmate"]

1. e4 c5 2. Nf3 d6 3. Bb5+ Nd7 4. d4 cxd4 5. Qxd4 a6 6. Be2 Ngf6 7. c4 e5 8. Qe3 Nc5 9. Nc3 Bg4 10. h3 Bh5 11. Nd2 Bg6 12. Bf3 Ne6 13. Nb3 Rc8 14.
Be2 Nf4 15. O-O Nd7 16. Kh2 Qc7 17. Nd5 Nxd5 18. cxd5 Nc5 19. Nxc5 Qxc5 20. Qxc5 Rxc5 21. Be3 Rc2 22. Bd3 Rxb2 23. Rfb1 Rxb1 24. Rxb1 b5 25. a4 Be7 26. axb5 axb5 27. Bxb5+ Kd8 28. Bb6+ Kc8 29. Bc6 Bd8 30. f3 f5 31. Ra1 Bc7 32.
Bxc7 Kxc7 33. Ra7+ Kb6 34. Rb7+ Kc5 35. exf5 Bxf5 36.
Rxg7 Rf8 37. g4 Bd3 38. Kg3 e4 39. fxe4 Bxe4 40. Rg5 Rf3+ 41. Kh4 Rd3 42. Rh5 Bxd5 43.
Bxd5 Rxd5 44. Rxh7 Re5 45. g5 Kd4 46. g6 Re8 47. Rd7 d5 48. g7 Ke4 49. Re7+ Rxe7 50. g8=Q d4 51. Qg4+ Ke5 52. Qg5+ Kd6 53. Qf6+ Re6 54.
Qxd4+ Ke7 55. Kg5 Kf7 56. h4 Rg6+ 57. Kf5 Re6 58. Qd7+ Re7 59. Qd6 Ke8 60. h5 Rh7 61. Qg6+ Rf7+ 62. Ke6 Kd8 63. Qxf7 Kc8 64. Kd6 Kb8 65.
Kc6 Ka8 66. Kb6 Kb8 67. Qg8# 1-0

[Event "*** Titled Tuesday Blitz"]
[Site "Chess.com"]
[Date "2020.05.26"]
[Round "4"]
[White "XDPS"]
[Black "CookiesAndIceCream"]
[Result "1-0"]
[WhiteElo "2701"]
[BlackElo "2322"]
[TimeControl "180+1"]
[EndTime "10:39:48 PDT"]
[Termination "XDPS won by resignation"]

1. d4 d5 2. Bf4 Nf6 3. e3 e6 4. Nf3 c5 5. c3 Bd6 6. Bg3 Qc7 7. Nbd2 Nbd7 8. Bd3 O-O 9. O-O Bxg3 10. hxg3 e5 11. dxe5 Nxe5 12. Nxe5 Qxe5 13. Qa4 Bd7 14. Qf4 Qe7 15. e4 Rfe8 16. Rfe1 Qe5 17. Qxe5 Rxe5 18. f4 Ree8 19. e5 Ng4 20. Nf3 f6 21. exf6 Nxf6 22.
Ne5 Rad8 23. Bc2 Bc8 24. Rad1 Kf8 25. Ba4 Re6 26. c4 Red6 27. cxd5 Rxd5 28. Rxd5 Rxd5 29.
Re2 a6 30. Bb3 Rd4 31. Nf3 Rd3 32. Bc2 Rd6 33. Ne5 b5 34. a4 Be6 35. f5 Bd5 36. g4 Bb7 37. g5 Nd5 38. axb5 axb5 39. Rf2 Nb4 40. Kh2 Nxc2 41. Rxc2 Rd5 42. Re2 c4 43. g4 Rd4 44. Kg3 b4 45. Rc2 Bd5 46. Re2 c3 47. bxc3 bxc3 48. Rc2 Re4 49. Nd7+ Ke7 50.
Nb6 Re3+ 51. Kf4 Rf3+ 52. Ke5 Bb7 53. Nc4 Rg3 54. f6+ gxf6+ 55. gxf6+ Kf8 56. Nd6 Ba6 57. g5 Bf1 58. Kf4 Rd3 59. Nf5 Bh3 60. Ne3 Be6 61. Ke4 Bb3 62. Kxd3 Bxc2+ 63. Nxc2 Kf7 64. Ke4 h6 65.
Kf5 h5 66. g6+ Kf8 67. Kg5 h4 68. Kxh4 1-0

[Event "*** Titled Tuesday Blitz"]
[Site "Chess.com"]
[Date "2020.05.26"]
[Round "4"]
[White "Paralinch"]
[Black "Sankalp_Gupta2003"]
[Result "1-0"]
[WhiteElo "2883"]
[BlackElo "2703"]
[TimeControl "180+1"]
[EndTime "10:39:49 PDT"]
[Termination "Paralinch won on time"]

1. e4 c6 2. d4 d6 3. Nf3 g6 4.
Bd3 Bg7 5. O-O Bg4 6. c3 Nd7 7. Nbd2 e5 8. h3 Bxf3 9. Nxf3 Ne7 10.
Qb3 Qb6 11. Be3 Qxb3 12. axb3 a6 13. dxe5 Nxe5 14. Nxe5 dxe5 15. Rfd1 O-O-O 16. Bc4 f5 17. Bb6 Rxd1+ 18. Rxd1 fxe4 19. Be6+ Kb8 20. Rd7 Bf6 21. g4 Nd5 22. Bxd5 cxd5 23. Rxd5 Kc8 24. Kf1 Re8 25.
c4 Re6 26. c5 Bg5 27. Ke2 Re8 28.
Rd6 Bf4 29. h4 Rg8 30. b4 h5 31. g5 e3 32. Rf6 exf2 33. Kxf2 Bd2 34. b5 axb5 35.
Ke2 Bf4 36. Kf3 b4 37. b3 Bd2 38. Ke2 Bf4 39. Kf2 Bd2 40. Rf7 Bf4 41. Kf3 Bd2 42. Kf2 Re8 43. Rf6 Rg8 44. Re6 Bf4 45. Re7 Rf8 46.
Kg2 Rg8 47. Rc7+ Kb8 48. Re7 Kc8 49. Kf3 Rf8 50. Ke4 Bg3 51. Rc7+ Kb8 52. Rg7 Bxh4 53. Rxg6 Bg3 54. Rh6 h4 55. g6 Rf4+ 56. Kd5 Rd4+ 57.
Ke6 1-0

[Event "*** Titled Tuesday Blitz"]
[Site "Chess.com"]
[Date "2020.05.26"]
[Round "4"]
[White "BelaKis"]
[Black "MathiasWomacka"]
[Result "0-1"]
[WhiteElo "2130"]
[BlackElo "2383"]
[TimeControl "180+1"]
[EndTime "10:39:51 PDT"]
[Termination "MathiasWomacka won on time"]

1. Nf3 c5 2. g3 Nc6 3. Bg2 e5 4.
d3 g6 5. O-O Bg7 6. c4 Nge7 7.
Nc3 d6 8. a3 O-O 9. Rb1 a5 10.
Ne1 Be6 11. Nc2 d5 12. cxd5 Nxd5 13. Nxd5 Bxd5 14. Bxd5 Qxd5 15. Ne3 Qe6 16. a4 Rfd8 17. Bd2 e4 18. dxe4 Qxe4 19. Qc1 Nd4 20. Qe1 Bh6 21. f4 Nb3 22. Ng4 Bg7 23. Bc3 Nd4 24. e3 Nf3+ 25.
Rxf3 Qxf3 26. Nf6+ Kh8 27. Qf2 Qxf2+ 28. Kxf2 Rd3 29.
Ne4 Bxc3 30. bxc3 Re8 31. Ng5 Rdxe3 32. Nxf7+ Kg7 33. Rxb7 R8e7 34. Rxe7 Rxe7 35. Ne5 Rb7 36. Nd3 Rb3 37. Nxc5 Rxc3 38. Ne4 Ra3 39. Nc5 Ra2+ 40. Ke3 Rxh2 41. g4 Ra2 42. g5 h6 43. gxh6+ Kxh6 44. Kd4 Kh5 45. Ke5 Re2+ 46. Kf6 Rf2 47. Ke5 Rc2 48.
Ne4 Rc4 49. Nf6+ Kh6 50. Ng4+ Kg7 51. Ne3 Rxa4 52. f5 Rb4 53. f6+ Kf7 54. Nd5 Rb5 55.
Kd6 Rxd5+ 56. Kxd5 Kxf6 57. Kc5 g5 58. Kb5 g4 59.
Kxa5 g3 60. Kb5 g2 0-1

[Event "*** Titled Tuesday Blitz"]
[Site "Chess.com"]
[Date "2020.05.26"]
[Round "4"]
[White "ferdipy"]
[Black "dianosky"]
[Result "1-0"]
[WhiteElo "2261"]
[BlackElo "2403"]
[TimeControl "180+1"]
[EndTime "10:39:53 PDT"]
[Termination "ferdipy won by resignation"]

1. e4 c5 2. d4 cxd4 3. c3 dxc3 4. Nxc3 a6 5. Bc4 e6 6. Nf3 b5 7. Bb3 Bb7 8. O-O d6 9. Bf4 Be7 10. Qe2 Nd7 11. Rfd1 Qb8 12. h3 Ngf6 13. e5 Bxf3 14. Qxf3 dxe5 15. Be3 O-O 16. Rac1 Rc8 17. g4 Nc5 18.
Bc2 b4 19. Ne4 Ncxe4 20. Bxe4 Rxc1 21. Rxc1 Nxe4 22. Qxe4 a5 23. Kg2 Ra6 24. b3 h6 25.
Rc4 a4 26. Qc2 axb3 27. axb3 Bf8 28. f3 Qa8 29. Rc8 Ra2 30. Rxa8 Rxc2+ 31. Kg3 g5 32. h4 f6 33. h5 Rc3 34. Kf2 Kf7 35. Ra7+ Be7 36. Bb6 Ke8 37. Ra8+ Kd7 38. Ra7+ Kd6 39. Ba5 Rxb3 40. Rb7 Kc6 41. Rxe7 Kb5 42. Bd8 Rb2+ 43. Kg3 Kc6 44. Rxe6+ Kd7 45. Rxf6 Kxd8 46. Rxh6 b3 47. Rb6 Rb1 48. h6 Kc7 49. Rb5 Kc6 50. Rb8 b2 51. Kg2 Kc7 52. Rb5 Kc6 53. Rb8 Kc7 54. h7 Kxb8 55.
h8=Q+ Kb7 56. Qg7+ Kc6 57. Qg6+ Kd5 58. Qxb1 1-0

[Event "*** Titled Tuesday Blitz"]
[Site "Chess.com"]
[Date "2020.05.26"]
[Round "4"]
[White "Tacticusbd"]
[Black "okriak"]
[Result "0-1"]
[WhiteElo "2414"]
[BlackElo "2715"]
[TimeControl "180+1"]
[EndTime "10:39:55 PDT"]
[Termination "okriak won on time"]

1. e4 Nc6 2. Nf3 e5 3. Bc4 Bc5 4.
d3 Nf6 5. O-O d6 6. a4 a5 7. Be3 Ba7 8. c3 O-O 9. Nbd2 Be6 10. Bb5 Ne7 11. Bxa7 Rxa7 12. d4 c6 13. Bd3 Ng6 14. g3 Qc7 15. Re1 Raa8 16. Qe2 Rfe8 17. Qf1 Rad8 18. Bc2 h6 19. Rad1 Bg4 20. h3 Bc8 21. Kh2 b6 22. Qg2 Bb7 23. dxe5 dxe5 24. Nc4 b5 25. Ne3 Rxd1 26. Rxd1 Rd8 27. Qf1 bxa4 28.
Qc4 Qb6 29. Rxd8+ Qxd8 30. Bxa4 c5 31. Bc2 Qa8 32. Nd2 Qa7 33. Nd5 Nxd5 34. exd5 Qb6 35. b3 Ne7 36. Ne4 Bxd5 37. Qxc5 Qb7 38. Nd6 Qa8 39. Qe3 Nc6 40. Qd3 Ne7 41. Qh7+ Kf8 42.
Qh8+ Ng8 43. Bh7 f6 44. c4 Be6 45. Nf5 Qb7 46. g4 Qf7 47. Bxg8 Qxg8 48. Qxg8+ Kxg8 49. Nd6 Kf8 50. Nb7 a4 51. bxa4 Bxc4 52. a5 Ke7 53.
Nc5 Kd6 54. Ne4+ Kc6 55. h4 Be6 56. Kg3 Kb5 57. h5 Kxa5 58. Nd6 Bd7 0-1

[Event "*** Titled Tuesday Blitz"]
[Site "Chess.com"]
[Date "2020.05.26"]
[Round "4"]
[White "Maybe00"]
[Black "Matveev_Vladimir"]
[Result "1-0"]
[WhiteElo "2801"]
[BlackElo "2574"]
[TimeControl "180+1"]
[EndTime "10:39:57 PDT"]
[Termination "Maybe00 won by resignation"]

1. d4 Nf6 2. c4 g6 3. f3 Bg7 4. e4 d6 5. Nc3 O-O 6. Nge2 Nc6 7. Be3 a6 8. Qd2 Rb8 9. Rc1 Bd7 10. Nd1 Re8 11. Nf2 b5 12. c5 dxc5 13. Rxc5 e5 14. d5 Ne7 15. Qc1 Rb7 16. Nd3 Nc8 17. Rc2 Nb6 18. Nc5 Ra7 19. b3 Nh5 20. g3 a5 21.
Bg2 a4 22. O-O axb3 23. axb3 f5 24. Rd1 fxe4 25. Nxe4 Qb8 26. d6 c6 27. Bc5 Rb7 28. Qe3 Nd5 29. Qd2 Nhf6 30. Ra1 Bf5 31. Rca2 Nd7 32. Bf2 Bxe4 33. fxe4 N5f6 34. Bh3 Bf8 35.
Rd1 Kg7 36. Be3 Rd8 37. Bh6+ Kg8 38. Be6+ Kh8 39. Bxf8 Rxf8 40. Rda1 Kg7 41. Ra8 Qxa8 42. Rxa8 Rxa8 43. Nc1 Rd8 44. Nd3 Nf8 45. Nc5 Ra7 46.
Bh3 N6d7 47. Bxd7 Raxd7 48. Nxd7 Rxd7 49. b4 Kf6 50. Qf2+ Kg7 51. Qc5 Kf6 52. Qxc6 Ke6 53. Qxb5 Rxd6 54. Qc4+ Ke7 55. b5 Nd7 56. Qg8 h5 57.
Qg7+ Kd8 58. Kg2 Kc7 59. Kh3 Re6 60. Qf7 Rd6 61. Qe7 Rb6 62. Kh4 Rd6 63. Kg5 Rb6 64. h3 Rxb5 65. Kxg6 Rb6+ 66. Kxh5 1-0

[Event "*** Titled Tuesday Blitz"]
[Site "Chess.com"]
[Date "2020.05.26"]
[Round "4"]
[White "Zhuu96"]
[Black "lolo9292"]
[Result "1-0"]
[WhiteElo "2843"]
[BlackElo "2543"]
[TimeControl "180+1"]
[EndTime "10:39:57 PDT"]
[Termination "Zhuu96 won on time"]

1. e4 c5 2. Nf3 e6 3. d4 cxd4 4. Nxd4 Nf6 5. Nc3 Nc6 6. Ndb5 d6 7. Bf4 e5 8. Bg5 a6 9. Na3 b5 10. Nd5 Be7 11. Bxf6 Bxf6 12. c3 Ne7 13. Nxf6+ gxf6 14. Nc2 Bb7 15. Bd3 d5 16. Qe2 f5 17. O-O-O fxe4 18. Bxe4 Qa5 19. Bf3 e4 20. Bh5 Qxa2 21.
Qg4 b4 22. Nxb4 Qa1+ 23. Kc2 Qa4+ 24. Kb1 a5 25. Nd3 Bc8 26. Qg7 Rf8 27. Nc5 Qb5 28.
Nxe4 Bf5 29. Rhe1 dxe4 30. g4 Rb8 31. c4 e3+ 32. gxf5 Qxf5+ 33. Ka1 Qxh5 34. Qd4 Rg8 35. Rxe3 Kf8 36. Qd6 Re8 37. Rde1 Qh4 38. Rxe7 Qxe7 39. Rxe7 Rxe7 40. c5 Rg1+ 41. Ka2 Rg6 42. Qd8+ Re8 43. Qxa5 Rc6 44. b4 Rec8 45. Kb3 Kg7 46. Kc4 Rf6 47.
Qa1 Re8 48. b5 Re4+ 49. Kd5 Re2 50. b6 Kg6 51. b7 Rd2+ 52. Kc4 Rc2+ 53. Kd3 Rfxf2 54.
b8=Q Rfd2+ 55. Ke3 Re2+ 56. Kf3 Rf2+ 57. Kg3 Rg2+ 58.
Kh3 f6 59. Qg8+ Kf5 60. Qxg2 Rxg2 61. Kxg2 1-0

[Event "*** Titled Tuesday Blitz"]
[Site "Chess.com"]
[Date "2020.05.26"]
[Round "4"]
[White "EvgenyRomanov"]
[Black "ljuks68"]
[Result "0-1"]
[WhiteElo "2641"]
[BlackElo "2336"]
[TimeControl "180+1"]
[EndTime "10:39:58 PDT"]
[Termination "ljuks68 won by resignation"]

1. e4 e6 2. d4 d5 3. e5 c5 4. c3 Nc6 5. Nf3 Qb6 6. Be2 cxd4 7. cxd4 Nh6 8. Nc3 Nf5 9. Na4 Bb4+ 10. Kf1 Qc7 11. g4 Nfe7 12. a3 Ba5 13. b4 Bb6 14.
Be3 O-O 15. Rc1 a6 16. Bd3 f6 17. exf6 Rxf6 18. Ne5 Ba7 19. Kg2 Qb8 20. Re1 Nxe5 21. dxe5 Rf7 22. Nb6 Bxb6 23. Bxb6 Bd7 24. Qc2 g6 25. Qc7 Bb5 26. Qxb8+ Rxb8 27. Bxb5 axb5 28. Rc5 Ra8 29. Re3 d4 30. Re4 Rxa3 31. Rc7 Nc6 32. Rxf7 Kxf7 33. Bxd4 Nxd4 34. Rxd4 Ke7 35. f4 Ra2+ 36. Kg3 Rb2 37. h3 Rb3+ 38. Kh4 h6 39. Re4 Rc3 40. Rd4 Rb3 41. f5 gxf5 42. gxf5 exf5 43.
Rf4 Ke6 44. Rf1 Kxe5 45. Re1+ Kf6 46. Rf1 Rxb4+ 47. Kh5 Rb3 48. h4 Rh3 49. Rf4 b6 50. Rb4 Rc3 51. Kxh6 Rc6 52. h5 Rc8 53. Kh7 Kg5 54.
h6 Rc7+ 55. Kg8 Kxh6 56. Rxb5 Kg5 57. Rxb6 f4 58. Rb1 Kg4 59. Rg1+ Kf3 60. Rf1+ Ke3 61. Re1+ Kf2 62. Re5 f3 63. Rg5 Kf1 64. Rf5 f2 65. Re5 Rc4 0-1

[Event "*** Titled Tuesday Blitz"]
[Site "Chess.com"]
[Date "2020.05.26"]
[Round "4"]
[White "FranciscodelaF"]
[Black "NotFischer"]
[Result "0-1"]
[WhiteElo "2360"]
[BlackElo "2144"]
[TimeControl "180+1"]
[EndTime "10:39:58 PDT"]
[Termination "NotFischer won by resignation"]

1. d4 g6 2. c4 Bg7 3. Nf3 d6 4. Nc3 Bg4 5. g3 Nc6 6. d5 Bxf3 7. exf3 Nd4 8. Bg2 c5 9. dxc6 Nxc6 10. O-O Nf6 11. f4 Rc8 12. b3 O-O 13. Be3 Qa5 14. Rc1 Rfd8 15. h3 a6 16. Qd2 b5 17.
Bxc6 Rxc6 18. Nd5 Qxd2 19. Nxe7+ Kf8 20. Nxc6 Qxa2 21. Nxd8 Qxb3 22. cxb5 axb5 23. Rfd1 Ne4 24. Nc6 Nxg3 25. Rb1 Ne2+ 26. Kg2 Qc4 27. Nb4 Nxf4+ 28.
Bxf4 Qxf4 29. Nd5 Qg5+ 30. Kf1 Be5 31. Rxb5 Qh5 32. Rd3 Kg7 33. Rb4 Qf5 34. Rbb3 h5 35. Ne7 Qe4 36. Nd5 Qh1+ 37. Ke2 Qg2 38. Rf3 f5 39. Rb7+ Kh6 40. Ne7 Kg5 41. Rb4 Kf6 42. Nd5+ Ke6 43. Nc7+ Kd7 44. Rc4 g5 45. Nb5 g4 46.
hxg4 fxg4 47. Re3 g3 48. Rf3 gxf2 49. Rxf2 Qd5 50. Rb4 Qc5 51. Rb3 Qc4+ 52. Kf3 Qxb3+ 53. Kg2 Qxb5 54. Rf7+ Ke6 55. Rf6+ Kd5 56. Rf2 Qc4 57. Rd2+ Qd4 58. Rf2 Qe4+ 59. Rf3 Qxf3+ 60. Kxf3 Kc4 61. Ke2 d5 62. Kf3 d4 63. Ke2 d3+ 64. Kd1 Kd4 65. Kd2 Bf4+ 66. Kd1 Kc3 67. Ke1 d2+ 68. Kd1 Be3 69.
Ke2 Kc2 70. Kxe3 d1=Q 71. Kf4 Qd3 72. Kg5 Kc3 73. Kh4 Kd4 74. Kxh5 Qe4 75. Kh6 Ke5 76.
Kg7 Qf3 77. Kh8 Qf6+ 78. Kg8 Qe7 79. Kh8 Kf6 80. Kg8 Kg6 0-1

[Event "*** Titled Tuesday Blitz"]
[Site "Chess.com"]
[Date "2020.05.26"]
[Round "4"]
[White "eCztery"]
[Black "Igor_Lysyj"]
[Result "0-1"]
[WhiteElo "2340"]
[BlackElo "2768"]
[TimeControl "180+1"]
[EndTime "10:39:59 PDT"]
[Termination "Igor_Lysyj won by resignation"]

1. e4 e5 2. Nf3 Nc6 3. d4 exd4 4.
Nxd4 Nf6 5. Nc3 Bc5 6. Nb3 Bb4 7. Bd3 O-O 8. O-O d6 9. Bg5 h6 10. Bh4 Bxc3 11. bxc3 Ne5 12. f4 Ng6 13. Bg3 Bg4 14.
Qd2 Nh5 15. Rae1 Nxg3 16. hxg3 c6 17. Nd4 Re8 18. f5 Ne5 19. Qf4 Qg5 20. Nf3 Bxf3 21.
Qxg5 hxg5 22. gxf3 g4 23. fxg4 Nxg4 24. Kg2 Kf8 25. Rf4 Ne5 26. Rh1 Ke7 27. Rh7 Kf6 28. Rfh4 g6 29. g4 Rf8 30. Kg3 b5 31. R4h6 Kg5 32.
Be2 a5 33. Rh1 a4 34. Rd1 Rad8 35. Rh2 Kf6 36. Rf1 Kg5 37. Rhf2 Rh8 38. fxg6 fxg6 39.
Rh2 Rxh2 40. Kxh2 Rh8+ 41. Kg3 Re8 42. Rd1 Re6 43. Bf3 Nd7 44. Rh1 Nc5 45. Rh7 Nxe4+ 46. Bxe4 Rxe4 47. Rd7 Rc4 48. Kf2 Rxc3 49. Rxd6 Rxc2+ 50. Ke3 Rxa2 51. Rxc6 Ra3+ 52. Kd4 Rb3 53. Ra6 a3 54.
Kc5 b4 55. Kc4 Rb2 56. Kd4 a2 57. Kc4 b3 58. Kc3 Rb1 59. Ra5+ Kxg4 60. Ra4+ Kh5 61. Ra5+ g5 62. Kd2 a1=Q 0-1

[Event "*** Titled Tuesday Blitz"]
[Site "Chess.com"]
[Date "2020.05.26"]
[Round "4"]
[White "Ural_bogatyr"]
[Black "Shota_Azaladze"]
[Result "0-1"]
[WhiteElo "2339"]
[BlackElo "2826"]
[TimeControl "180+1"]
[EndTime "10:39:59 PDT"]
[Termination "Shota_Azaladze won on time"]

1. e4 g6 2. d4 Bg7 3. Nc3 c6 4.
Nf3 d6 5. h3 Nd7 6. a4 e5 7.
Be3 Ngf6 8. Qd2 O-O 9. Be2 Re8 10.
dxe5 dxe5 11. O-O Qe7 12. Ne1 Nc5 13. f3 Nh5 14. Bf2 Nf4 15. Bc4 Nce6 16. Kh2 Rd8 17. Nd3 Nxd3 18. cxd3 Nd4 19. Ne2 Ne6 20. b4 Bd7 21. a5 Be8 22. Rab1 Rd7 23. Rfd1 a6 24. Qa2 Nc7 25. Bc5 Qg5 26. Qd2 Qh4 27. g3 Qf6 28. Qe3 Ne6 29. Bxe6 Qxe6 30. d4 Rad8 31. Rd3 exd4 32.
Nxd4 Qc4 33. Rbd1 Bf8 34. Bxf8 Kxf8 35. Qd2 Kg8 36. h4 h5 37. Kg2 c5 38. bxc5 Qxc5 39.
Kh2 Qe5 40. Kg2 f6 41. Kh2 Bf7 42. Qc3 Rc7 43. Qa3 Rdc8 44. Ne2 Rc2 45. R1d2 g5 46.
hxg5 fxg5 47. Qd6 Qxd6 48. Rxd6 Rxd2 49. Rxd2 Rc5 50. Nd4 Rxa5 51. Nf5 Ra3 52. Rd8+ Kh7 53. Rd7 Kg6 54. Rxb7 Be6 55. Rb6 Kf7 56. Nd6+ Ke7 57. Nf5+ Kf7 58. Nd6+ Kf6 59. Nf5 Ke5 60. Ng7 Bc4 61.
Nxh5 Kd4 62. Nf6 Ke3 63. Rd6 Kxf3 64. e5 Ra2+ 0-1

[Event "*** Titled Tuesday Blitz"]
[Site "Chess.com"]
[Date "2020.05.26"]
[Round "4"]
[White "LuckSlayeer"]
[Black "vaishali2001"]
[Result "1/2-1/2"]
[WhiteElo "2465"]
[BlackElo "2617"]
[TimeControl "180+1"]
[EndTime "10:40:00 PDT"]
[Termination "Game drawn by agreement"]

1. Nf3 Nf6 2. c4 g6 3. Nc3 c5 4. e4 d6 5. d4 cxd4 6. Nxd4 Bg7 7. Be3 O-O 8. Be2 Nc6 9. O-O Bd7 10. f3 Nxd4 11. Bxd4 Bc6 12. Qd2 a5 13. b3 Nd7 14.
Bf2 Nc5 15. Rab1 Qb6 16. a3 Qc7 17. b4 axb4 18. axb4 Na4 19. Nxa4 Rxa4 20. Rfc1 Rfa8 21. b5 Be8 22. b6 Qd8 23. c5 dxc5 24. Qxd8 Rxd8 25.
Bxc5 Bd4+ 26. Bxd4 Raxd4 27. Rc7 Bc6 28. Rxe7 Kf8 29.
Rc7 R4d7 30. Rxd7 Rxd7 31. Kf2 Rd2 32. Ke3 Ra2 33. g3 Ke7 34. h4 h5 35. Bc4 Ra3+ 36.
Kf2 f6 37. Rd1 Rc3 38. Bd5 Rc2+ 39. Ke3 Rc3+ 40. Kf2 Bxd5 41. Rxd5 Rb3 42. Rc5 Rxb6 43. Rc7+ Kf8 44. f4 Rb4 45. e5 fxe5 46. fxe5 Re4 47.
Rxb7 Rxe5 48. Rb6 Rf5+ 49. Ke3 Kg7 50. Ke2 Ra5 51. Rb4 Ra2+ 52. Kf3 Ra3+ 53. Kf2 Kh6 54.
Kg2 Ra6 55. Rb5 Rc6 56. Rg5 Rd6 57. Kf3 Rf6+ 1/2-1/2

[Event "*** Titled Tuesday Blitz"]
[Site "Chess.com"]
[Date "2020.05.26"]
[Round "4"]
[White "MarceloPlaya"]
[Black "Alexandercs432"]
[Result "0-1"]
[WhiteElo "2358"]
[BlackElo "2131"]
[TimeControl "180+1"]
[EndTime "10:40:00 PDT"]
[Termination "Alexandercs432 won on time"]

1. e4 e5 2. Nf3 Nf6 3. Nxe5 d6 4.
Nf3 Nxe4 5. d4 d5 6. Bd3 Nc6 7. O-O Be7 8. c4 Nb4 9. Nc3 Nxd3 10. Qxd3 Nxc3 11. bxc3 dxc4 12. Qxc4 O-O 13. Rb1 Be6 14.
Qd3 b6 15. a4 Bf6 16. a5 g6 17. Bf4 Bf5 18. Qc4 Bxb1 19. Bxc7 Qd7 20. Rxb1 Rac8 21. axb6 axb6 22. Rxb6 Qxc7 23. Qxc7 Rxc7 24. Rxf6 Rxc3 25. h4 Kg7 26. Rf4 f6 27. g3 Ra8 28. Kg2 Ra2 29. Nh2 h5 30. g4 Rcc2 31. gxh5 gxh5 32. Nf1 Rc1 33. Ng3 Kg6 34. Ne4 Ra6 35. Ng3 Rd1 36.
Rf5 Ra3 37. Rf4 Rad3 38. Nf5 R3d2 39. d5 Kf7 40. d6 Ke6 41. Ng7+ Kf7 42. Nxh5 Rxd6 43.
Ng3 Ra1 44. h5 Rdd1 45. Rb4 Rg1+ 46. Kh3 Ra7 47. Kg4 Rc1 48. f4 Rg1 49. Kh4 Kg7 50. Nf5+ Kh7 51. Nd6 Rg2 52. Ne4 Rf7 53. Rb6 Rg1 54.
Nxf6+ Kg7 55. Nd5 Kh7 56. h6 Rg2 57. Re6 Rg1 58. Nf6+ Kh8 59. Nh5 Rg8 60. Re5 Ra7 61. Re4 Rb8 0-1

[Event "*** Titled Tuesday Blitz"]
[Site "Chess.com"]
[Date "2020.05.26"]
[Round "4"]
[White "Arman_Hakemi"]
[Black "FrogMist"]
[Result "1-0"]
[WhiteElo "2559"]
[BlackElo "2359"]
[TimeControl "180+1"]
[EndTime "10:40:02 PDT"]
[Termination "Arman_Hakemi won by resignation"]

1. d4 Nf6 2. c4 g6 3. g3 Bg7 4. Bg2 O-O 5. Nc3 c5 6. Nf3 cxd4 7. Nxd4 Nc6 8. O-O d6 9. Nxc6 bxc6 10. Bxc6 Bh3 11. Bxa8 Qxa8 12. f3 Bxf1 13. Kxf1 Qc8 14. Qd3 Nd7 15. b3 Ne5 16. Qc2 Qh3+ 17. Kg1 Nxf3+ 18.
exf3 Bd4+ 19. Be3 Bxe3+ 20. Kh1 h5 21. Nd5 Bg5 22. f4 Bf6 23. Re1 Qg4 24. Qe2 Qxe2 25.
Rxe2 Kg7 26. Nxe7 a5 27. Nd5 a4 28. b4 Rc8 29. Rc2 a3 30. Kg2 Bb2 31. Kf3 f6 32. c5 dxc5 33. bxc5 Kf7 34. c6 Ke6 35. Nb6 Rc7 36.
g4 hxg4+ 37. Kxg4 Bd4 38. Nd7 f5+ 39. Kg5 Kd6 40. Kxg6 Rxc6 41. Rxc6+ Kxc6 42. Nf6 Kc5 43. h4 Kc4 44. h5 Kc3 45. h6 Kb2 46. h7 Kxa2 47.
h8=Q Kb1 48. Qh1+ Kb2 49. Qg2+ Kb1 50. Qf1+ Kb2 51. Qe2+ Kb3 52. Qd3+ Bc3 53. Qb1+ Bb2 54. Qd1+ Kc3 55. Nd5+ Kc4 56. Ne3+ Kc3 57. Qc2+ Kb4 58. Nd1 Bd4 59. Kxf5 a2 60. Qxa2 Bc3 61. Nxc3 Kc5 62. Qe6 Kd4 63. Kf6 Kd3 64. Ke7 Kd2 65. Nd5 Kd1 66. f5 Kd2 67. f6 Kd1 68. f7 Kd2 1-0

[Event "*** Titled Tuesday Blitz"]
[Site "Chess.com"]
[Date "2020.05.26"]
[Round "4"]
[White "TranJMinh"]
[Black "Anna_ChessMate"]
[Result "1-0"]
[WhiteElo "2794"]
[BlackElo "2533"]
[TimeControl "180+1"]
[EndTime "10:40:03 PDT"]
[Termination "TranJMinh won on time"]

1. d4 d5 2. c4 c6 3. Nc3 Nf6 4. cxd5 cxd5 5. Bf4 Nc6 6. e3 Bf5 7. Qb3 Na5 8. Qa4+ Bd7 9. Qc2 e6 10. Bd3 Be7 11. Nf3 Nc6 12. Qe2 Nh5 13. Be5 f6 14.
Bg3 f5 15. Be5 O-O 16. a3 Rc8 17.
h3 Nf6 18. Bh2 Ne4 19. Rc1 Qa5 20. O-O Be8 21. Nd2 Bf7 22. f3 Nxc3 23. Rxc3 Rcd8 24. Rfc1 Bf6 25. Kh1 Rd7 26. Nb3 Qd8 27. Nc5 Re7 28. Nxb7 Rxb7 29. Rxc6 g6 30. Ba6 Rb3 31. Bc7 Qd7 32. Bd6 Re8 33. a4 e5 34. dxe5 Bxe5 35. Bxe5 Rxe5 36. Bd3 d4 37. e4 fxe4 38. Bxe4 d3 39.
Qd2 Kg7 40. Rc7 Qd4 41. Qf4 Rf5 42. Qd2 Rf6 43. R1c3 Rxc3 44. Rxc3 Qxa4 45. Rxd3 Qa1+ 46. Kh2 Qa6 47. Rd7 Qe6 48. Qd4 Kg8 49. Rd8+ Kg7 50.
Rd7 Kh6 51. Rxa7 Rf4 52. Rd7 Be8 53. Rd6 Qf7 54. b4 Bb5 55. Qd2 1-0

[Event "*** Titled Tuesday Blitz"]
[Site "Chess.com"]
[Date "2020.05.26"]
[Round "4"]
[White "floplover"]
[Black "Giraffe_Chess"]
[Result "1/2-1/2"]
[WhiteElo "2237"]
[BlackElo "2410"]
[TimeControl "180+1"]
[EndTime "10:40:04 PDT"]
[Termination "Game drawn by repetition"]

1. d4 f5 2. c4 Nf6 3. Nc3 e6 4. e3 d5 5. Bd3 c6 6. Nge2 Bd6 7. f3 O-O 8. O-O Kh8 9. Bd2 Nbd7 10. Qc2 b6 11. Be1 Bb7 12. Bg3 Bxg3 13. Nxg3 Rc8 14. cxd5 cxd5 15. Qa4 a6 16. Rac1 b5 17. Qb3 Nb6 18.
a4 Nc4 19. Bxc4 dxc4 20. Qb4 Nd5 21. Nxd5 Qxd5 22. axb5 axb5 23. Ne2 e5 24. Nc3 Qd7 25. dxe5 Bc6 26. Rfd1 Qa7 27. e6 Qxe3+ 28. Kh1 Qxe6 29. Nxb5 Rb8 30. Nd4 Qe3 31. Qd2 Qxd2 32. Rxd2 Bd5 33. Rcd1 Bg8 34. h4 Rb7 35. Re1 Rfb8 36. Re5 Rxb2 37.
Rxb2 Rxb2 38. Rxf5 g6 39. Rc5 Rd2 40. Nb5 Rc2 41.
Kg1 Kg7 42. Rc7+ Kh6 43. Kh2 Rc1 44. Kg3 Rc2 45. Rc5 Rb2 46. Nd4 Rd2 47. Nb5 Rd3 48. Kf4 Rd7 49. Kg3 Bf7 50. Na3 Kg7 51. Nxc4 Rd4 52. Ne5 Kf6 53. Nxf7 Kxf7 54. Rc7+ Kg8 55.
f4 Rd5 56. Kg4 Rd4 57. g3 Rd5 58. Re7 h5+ 59. Kf3 Kf8 60. Re5 Rd3+ 61. Re3 Rd6 62. Ke4 Kf7 63. Rd3 Re6+ 64. Kf3 Ra6 65. g4 hxg4+ 66.
Kxg4 Ra5 67. Rd7+ Kf6 68. Rb7 Ra1 69. Rb6+ Kf7 70. Rb7+ Kf6 71. Rb6+ Kf7 72. Kg5 Ra5+ 73. Kg4 Ra1 1/2-1/2

[Event "*** Titled Tuesday Blitz"]
[Site "Chess.com"]
[Date "2020.05.26"]
[Round "4"]
[White "Chessmatus"]
[Black "MarcoRiehle"]
[Result "1-0"]
[WhiteElo "2492"]
[BlackElo "2634"]
[TimeControl "180+1"]
[EndTime "10:40:05 PDT"]
[Termination "Chessmatus won by resignation"]

1. e4 e5 2. Nf3 Nf6 3. Nxe5 Nxe4 4. Qe2 Qe7 5. Qxe4 d6 6. d4 dxe5 7. dxe5 Nc6 8. Nc3 Qxe5 9. Qxe5+ Nxe5 10. Bf4 f6 11.
O-O-O Bd7 12. Bxe5 fxe5 13. Bc4 O-O-O 14. Rhe1 Bd6 15.
Ne4 Bc6 16. Bd5 Bb4 17. Be6+ Kb8 18. c3 Rxd1+ 19. Kxd1 Rd8+ 20. Kc2 Be7 21. f3 b6 22.
Nd2 Bg5 23. Nc4 e4 24. fxe4 b5 25. Ne5 Rd2+ 26. Kb1 Bb7 27. Nf3 Rxg2 28. Bh3 Rf2 29. Nxg5 h6 30. Ne6 Rxh2 31. Bf5 g5 32. Nc5 Rf2 33.
Rd1 a5 34. Rd8+ Ka7 35. Rd7 Kb6 36. Nxb7 Kxb7 37. Rh7 Re2 38. Rxh6 c5 39. Rg6 b4 40. cxb4 cxb4 41. Rxg5 a4 42. Rg1 Kb6 43. Rd1 b3 44.
axb3 axb3 45. Be6 Re3 46. e5 Kc5 47. Bg8 Rxe5 48. Bxb3 Kb4 49. Bc2 Re2 50. Rd4+ Kc5 51.
Re4 Rh2 52. b3 Kb5 53. Kb2 Kc5 54. Kc3 Rh3+ 55. Bd3 Rh1 56. Re5+ Kd6 57. Rg5 Rc1+ 58. Kd4 Kc6 59. Rg6+ Kb7 60. Bc4 Ka7 61. Kc5 Re1 62. b4 Re7 63. b5 Rc7+ 64. Rc6 Rg7 65. Bd5 Rh7 66. Rf6 Rh2 67. Rf7+ Kb8 68. Kb6 Rh8 69. Bc6 Rc8 70. Re7 Rc7 71. Re8+ Rc8 72. Rxc8+ Kxc8 73. Ka7 Kc7 74. b6+ Kxc6 75. b7 1-0